cohdb
Replays
Latest Replays
All Replays
Popular Replays
Top Player Replays
Match Explorer
How It Works
Community
CoH3 Stats
Reddit
Sign in to upload your games and track your stats! →
Sign in with Steam
Match 47029205
Unlisted
Match 47029205
Overview
Messages
Build Orders
End
Construct Infanterie Kompanie
Selects Luftwaffe Battlegroup
Selects Luftwaffe Battlegroup
Selects Luftwaffe Battlegroup
Selects Luftwaffe Pioneer Support
Fallschirmpioneer Squad Paradrop
MG 42 Machine Gun Team
Kettenkrad Recon Vehicle
Fallschirmpioneer Squad Paradrop
Construct Panzergrenadier Kompanie
Medical Station
Selects Stuka Strafing Run
Panzergrenadier Squad
Selects Fallschirmjäger Squad Paradrop
Fallschirmjäger Squad Paradrop
bibotot1995
Demi
crywo1f
Winitariy
0
0
Comments
sign in to comment!
No comments posted yet!